Map: Abyssal Reef LE

Players

PinoKotsBeer

  • Race: Terran Terran
  • League: Master
  • Spawn Location: 11:00

eli - Winner!

  • Race: Terran Terran
  • League: Master
  • Spawn Location: 5:00

VOD

Have the link to the VOD?

Description

Time

  • Played on: Feb. 8, 2017, 4:17 p.m.
  • Length: 5:38
Show
View Real Time Build Order
Export as new Build Order

PinoKotsBeer Terran 

Build Orders: 1/1/1, Cyclone Opening 

Get SALT Encoding   

  12  0:00  SCV  
  13  0:12  SCV  
  14  0:17  Supply Depot  
  14  0:25  SCV  
  15  0:29  Refinery  
  15  0:38  SCV  
  16  0:46  Barracks  
  16  0:50  SCV  
  17  0:59  Refinery  
  17  1:03  SCV  
  18  1:15  SCV  
  19  1:33  Reaper, Orbital Command  
  19  1:36  Factory  
  20  1:53  Supply Depot  
  20  1:58  SCV  
  21  2:05  Reaper  
  22  2:10  SCV  
  23  2:20  Starport  
  24  2:22  SCV  
  24  2:28  Cyclone  
  27  2:36  SCV  
  28  2:38  Reaper  
  29  2:52  Supply Depot  
  29  2:54  SCV  
  30  3:00  Bunker  
  30  3:01  Factory Tech Lab  
  30  3:14  Viking  
  31  3:28  Marine  
  31  3:29  Siege Tank  
  35  3:36  Supply Depot  
  35  3:45  Starport Reactor  
  35  3:46  Starport Reactor, Marine  
  38  3:49  Viking  
  35  4:04  Marine  
  34  4:11  Siege Tank  
  37  4:19  SCV  
  37  4:23  Engineering Bay  
  35  4:39  Viking  
  35  4:40  Barracks Reactor  
  35  4:41  SCV  
  38  4:48  Supply Depot  
  37  5:03  Supply Depot  
Show
View Real Time Build Order
Export as new Build Order

eli Terran - Winner!

Build Orders: 1/1/1 

Get SALT Encoding   

  12  0:01  SCV  
  13  0:13  SCV  
  14  0:17  Supply Depot  
  14  0:25  SCV  
  15  0:30  Refinery  
  15  0:39  SCV  
  16  0:52  SCV, Barracks  
  17  1:01  Refinery  
  18  1:04  SCV  
  18  1:16  SCV  
  19  1:28  SCV  
  20  1:40  Factory  
  20  1:41  Reaper  
  21  1:47  Orbital Command  
  21  1:58  Supply Depot  
  21  2:13  SCV  
  22  2:17  Reaper  
  23  2:26  Factory Tech Lab, Starport  
  23  2:29  SCV  
  24  2:37  Supply Depot  
  24  2:45  Siege Tank  
  24  2:49  Marine  
  28  2:54  SCV  
  29  3:03  Viking  
  31  3:08  Marine  
  31  3:09  Supply Depot  
  30  3:23  Siege Tank  
  30  3:26  Marine  
  34  3:33  Viking  
  36  3:41  Supply Depot  
  36  3:49  Marine  
  36  4:02  Siege Tank  
  37  4:03  Liberator  
  35  4:21  SCV  
  35  4:24  Marine  
  38  4:43  Siege Tank  
  38  4:44  Marine  
  42  5:02  Marine  
  42  5:06  Viking  
Tags
 
Add a new tag
Caveats
  • Supply blocks, unpowered buildings, or Contaminate may cause inaccurate times.
  • Supply counts are checked every 10 seconds.